 Dungeon Crawl Stone Soup version 0.30.0-13-g156ef70053 (webtiles) character file.

Game seed: 11865076200819502633

4 browni3141 the Firebug (level 1, -3/13 HPs)
             Began as a Demonspawn Fire Elementalist on May 17, 2023.
             Killed from afar by a dart slug (5 damage)
             ... with a slug dart
             ... on level 1 of the Dungeon.
             The game lasted 00:00:16 (186 turns).

browni3141 the Firebug (DsFE)                        Turns: 186, Time: 00:00:16

Health: -3/13      AC:  2    Str:  8    XL:     1   Next: 50%
Magic:  1/3        EV: 12    Int: 16    God:
Gold:   7          SH:  0    Dex: 13    Spells: 3/4 levels left

rFire   . . .        q - +0 dagger
rCold   . . .        (no shield)
rNeg    . . .        a - +0 robe
rPois   .            (no helmet)
rElec   .            (no cloak)
rCorr   .            (no gloves)
SInv    .            (no boots)
Will    .....        (no amulet)
Stlth   ++           (no ring)
HPRegen 0.22/turn    (no ring)
MPRegen 0.08/turn

%: no passive effects
@: no status effects
A: no striking features
a: no special abilities


You were on level 1 of the Dungeon.
You visited 1 branch of the dungeon, and saw 1 of its levels.

You collected 7 gold pieces.

Inventory:

Hand Weapons
 q - a +0 dagger (weapon)
Armour
 a - a +0 robe (worn)
 p - a +0 cloak
Scrolls
 n - a scroll of identify {unknown}
Potions
 m - a potion of magic
 o - a potion of haste {unknown}


   Skills:
 + Level 1.8 Dodging
 + Level 1.8 Stealth
 + Level 2.0 Spellcasting
 + Level 1.1 Conjurations
 + Level 2.7 Fire Magic


You had 3 spell levels left.
You knew the following spells:

 Your Spells              Type           Power      Damage    Failure   Level
z - Foxfire               Conj/Fire      28%        2x1d5     10%         1

Your spell library contained the following spells:

 Spells                   Type           Power      Damage    Failure   Level
 Scorch                   Fire           20%        2d5       10%         2
 Inner Flame              Hex/Fire       6%         N/A       34%         3
 Volatile Blastmotes      Fire/Tloc      12%        2d11      34%         3
 Flame Wave               Conj/Fire      7%         2d5       67%         4


Dungeon Overview and Level Annotations

Branches:
Dungeon (1/15)

Altars:


Message History

You open the large door.
There is a large open door here.
Found a stone staircase leading down.
A rat comes into view.
A rat is nearby!
A rat is nearby!
A rat is nearby!
You conjure some foxfire!
The foxfire hits the rat.
You kill the rat!
Magic restored.
You see here a rat corpse.
There is a stone staircase leading down here.
You see here a staff of poison.
You now have 7 gold pieces.
You open the door.
There is an open door here.
A frilled lizard comes into view.
A frilled lizard is nearby!
A frilled lizard is nearby!
A frilled lizard is nearby!
You conjure some foxfire!
You conjure some foxfire!
You conjure some foxfire!
The foxfire hits the frilled lizard.
You kill the frilled lizard!
Your foxfire dissipates!
You are out of magic!
Your foxfire dissipates! x2
Your foxfire dissipates! x2
n - a scroll labelled POCALORUUB
o - a fizzy black potion A goblin comes into view.
It is wielding a +0 dagger.
A goblin is nearby!
You miscast Foxfire.
You are very lightly contaminated with residual magic.
Nothing appears to happen.
You conjure some foxfire!
You conjure some foxfire!
You are out of magic!
You are out of magic!
Your foxfire dissipates!
A dart slug and a quokka come into view.
The goblin shouts!
You hear a shout! x2
The foxfire hits the goblin.
The goblin is severely wounded.
The foxfire hits the goblin.
You kill the goblin!
The dart slug bites the plant.
The plant begins to die.
A goblin comes into view. It is wielding a +0 dagger.
The foxfire hits the quokka.
The quokka is moderately wounded.
The quokka is engulfed in a cloud of scalding steam.
You kill the quokka!
You are out of magic!
You are out of magic!
You are out of magic!
Your magical contamination has completely faded away.
You see here a +0 cloak.
p - a +0 cloak A giant cockroach comes into view.
You are out of magic!
You are out of magic!
You don't have enough magic to cast this spell.
A rat comes into view.
The dart slug bites you but does no damage.
You hit the dart slug.
The dart slug is lightly wounded.
The dart slug launches a dart at you. The slug dart hits you.
You hit the dart slug but do no damage.
The dart slug is lightly wounded.
The goblin hits you but does no damage.
You hit the dart slug.
The dart slug is moderately wounded.
The dart slug completely misses you. The goblin closely misses you.
The goblin attacks as you move away! The goblin misses you.
The dart slug launches a dart at you. The slug dart misses you.
A kobold comes into view. It is wielding a +0 whip.
Things that are here:
a +0 dagger; a goblin corpse
q - a +0 dagger The goblin closely misses you.
q - a +0 dagger (weapon)
Casting: Foxfire (safe; 10% risk of failure)
Press: ? - help, Q - select action Dir - look around, f - activate
Okay, then.
The goblin attacks as you move away! The goblin barely misses you.
The dart slug launches a dart at you. The slug dart hits you.
The goblin closely misses you. The dart slug launches a dart at you.
The slug dart hits you.
* * * LOW HITPOINT WARNING * * *
You hit the goblin.
The goblin is moderately wounded.
The goblin hits you with a +0 dagger.
* * * LOW HITPOINT WARNING * * *
The dart slug launches a dart at you. The slug dart hits you.
You die...

#.....# ### #.....# #..
#...... #.. #.....# .
#.. ########...... ..
+.. ..............
##.#.. ########......
♣.....######### ###....
♣P.@.......#####....
♣♣~♣................
~~♣♣~g..............
P~♣~~~♣w..............
≈≈~♣~~~~♣r$.............
≈≈≈~P~♣P~†♣..#######....
≈ ≈P~~~~r~~.... #####
≈~~P~P~~P♣....[.
~~~P~♣♣♣..######


You could see a dart slug, a goblin and a rat.

Vanquished Creatures
  A goblin (D:1)
  A quokka (D:1)
  A frilled lizard (D:1)
  A rat (D:1)
4 creatures vanquished.

Vanquished Creatures (others)
  10 foxfires (D:1)
10 creatures vanquished.

Grand Total: 14 creatures vanquished

Notes
Turn   | Place    | Note
-------+----------+-------------------------------------------
     0 | D:1      | browni3141 the Demonspawn Fire Elementalist began the quest
                  | for the Orb.
     0 | D:1      | Reached XP level 1. HP: 13/13 MP: 3/3
   186 | D:1      | Killed from afar by a dart slug

Illustrated notes

Levels and vault maps discovered:
D:1:      lightli_arrival_lavapool, layout_basic, serial_bayou_lake_a

Action                     || total
---------------------------++-------
  Melee: Unarmed           ||     3
         Dagger            ||     1
   Cast: Foxfire           ||     6
 Armour: Robe              ||     2
  Dodge: Dodged            ||     7
